LNP
ISABELA QUESITEROS @ CAYEY CORNUPETAS
07/02/1903
 
TOP OF THE 1ST
Isabela Quesiteros batting - Pitching for Cayey Cornupetas : RHP Édgar Martínez
Pitching: RHP Édgar Martínez
Batting: RHB Natanael Soto 0-0: Foul Ball, location: 2F
0-1: Fly out, F1 (Line Drive, P, EV 109 KM/H)
Batting: RHB Mariano Saenz 0-0: Fly out, F8 (Line Drive, 89M, EV 135 KM/H)
Batting: RHB Eugenio García 0-0: Called Strike
0-1: Called Strike
0-2: Ball
1-2: SINGLE (Line Drive, 9S, EV 156 KM/H)
Batting: LHB Viriato López 0-0: Fly out, F7 (Line Drive, 7, EV 167 KM/H)
Top of the 1st over - 0 runs, 1 hit, 0 errors, 1 left on base; Isabela 0 - Cayey 0
BOTTOM OF THE 1ST
Cayey Cornupetas batting - Pitching for Isabela Quesiteros : LHP Alejandro Cerda
Pitching: LHP Alejandro Cerda
Batting: LHB Hernán Luna 0-0: Swinging Strike
0-1: Ball
1-1: Swinging Strike
1-2: Ball
2-2: Ball
3-2: Strikes out looking
Batting: LHB Luis Deida 0-0: Ground out 4-3 (Groundball, 4, EV 134 KM/H)
Batting: RHB Bolívar Jiménez 0-0: Ball
1-0: Reached on error, E4 (Groundball, 4M, EV 161 KM/H)
Batting: LHB Julio Montilla 0-0: Called Strike
Bolívar Jiménez steals 2nd base
0-1: Ball
1-1: Ground out 5-3 (Groundball, 5, EV 163 KM/H)
Bottom of the 1st over - 0 runs, 0 hits, 1 error, 1 left on base; Isabela 0 - Cayey 0
TOP OF THE 2ND
Isabela Quesiteros batting - Pitching for Cayey Cornupetas : RHP Édgar Martínez
Batting: SHB Claudio González 0-0: Called Strike
0-1: Hit by Pitch
Batting: RHB Abdón Rodríguez 0-0: Ball
1-0: Ball
2-0: Ball
3-0: Base on Balls
Claudio González to second
Batting: RHB Aníbal Escalada 0-0: Ball
1-0: Bunted foul
1-1: Reached on error, E3 (Groundball, 3S, EV 70 KM/H)
Claudio González to third
Abdón Rodríguez to second
Batting: RHB Fabián Beltrán 0-0: Ball
1-0: TRIPLE (Flyball, 78XD, EV 177 KM/H)
Claudio González scores
Abdón Rodríguez scores
Aníbal Escalada scores
Batting: RHB Declan Morton 0-0: Reached on error, E4 (Groundball, 34D, EV 158 KM/H)
Fabián Beltrán scores
Batting: RHB Natanael Soto 0-0: Bunt - Flyout to 2R! F2
Batting: RHB Mariano Saenz 0-0: Called Strike
0-1: Ball
1-1: Ball
2-1: Ball
3-1: Base on Balls
Declan Morton to second
Batting: RHB Eugenio García 0-0: Fielders Choice at 2nd, 5-4 (Groundball, 5, EV 137 KM/H)
Declan Morton to third
Batting: LHB Viriato López 0-0: Foul Ball, location: 9LMF
0-1: Foul Ball, location: 9LSF
0-2: Ball
1-2: Foul Ball, location: 2F
1-2: Ball
2-2: Foul Ball, location: 2F
2-2: Ball
3-2: TRIPLE (Line Drive, 9LD, EV 159 KM/H)
Declan Morton scores
Eugenio García scores
Batting: SHB Claudio González 0-0: Called Strike
0-1: Ball
1-1: Ball
2-1: Foul Ball, location: 25F
2-2: Ball
3-2: Foul Ball, location: 5FF
3-2: Foul Ball, location: 7LDF
3-2: Fly out, F9 (Line Drive, 9LS, EV 151 KM/H)
Top of the 2nd over - 6 runs, 2 hits, 2 errors, 1 left on base; Isabela 6 - Cayey 0
BOTTOM OF THE 2ND
Cayey Cornupetas batting - Pitching for Isabela Quesiteros : LHP Alejandro Cerda
Batting: RHB Disibodo Garza 0-0: Ball
1-0: Reached on error, E4 (Groundball, 4, EV 135 KM/H)
Batting: LHB Venancio Tiñoco 0-0: Called Strike
0-1: Ball
1-1: Foul Ball, location: 7LMF
1-2: Ball
2-2: Strikes out swinging
Batting: RHB Santiago Cortez 0-0: Foul Ball, location: 5DF
0-1: Ground out 6-3 (Groundball, 56, EV 152 KM/H)
Disibodo Garza to second
Batting: RHB Odiseo Salse 0-0: Called Strike
0-1: Ball
1-1: Ball
Passed Ball!
Disibodo Garza to third
2-1: Swinging Strike
2-2: Ground out 3-1 (Groundball, 34D, EV 169 KM/H)
Bottom of the 2nd over - 0 runs, 0 hits, 1 error, 1 left on base; Isabela 6 - Cayey 0
TOP OF THE 3RD
Isabela Quesiteros batting - Pitching for Cayey Cornupetas : RHP Édgar Martínez
DELAY Rain delay of 15 minutes in the 3rd inning.
Batting: RHB Abdón Rodríguez 0-0: Foul Ball, location: 3F
0-1: Ball
1-1: Ball
2-1: Swinging Strike
2-2: Ball
3-2: Reached on error, E6 (Groundball, 6, EV 168 KM/H)
Batting: RHB Aníbal Escalada 0-0: Ball
1-0: Ball
2-0: Foul Ball, location: 3SF
2-1: Ball
3-1: Foul Ball, location: 2F
3-2: Foul Ball, location: 2RF
3-2: SINGLE (Groundball, 3D, EV 169 KM/H) (infield hit)
Abdón Rodríguez to second
Batting: RHB Fabián Beltrán 0-0: Swinging Strike
0-1: Ball
1-1: Called Strike
1-2: DOUBLE (Flyball, 78XD, EV 150 KM/H)
Abdón Rodríguez scores
Aníbal Escalada to third
Batting: RHB Declan Morton 0-0: Ball
1-0: Ball
2-0: Fly out, F7 (Flyball, 7LSF, EV 140 KM/H)
Batting: RHB Natanael Soto 0-0: Ball
1-0: Ball
2-0: Ground out 5-3 (Groundball, 5, EV 137 KM/H)
Batting: RHB Mariano Saenz 0-0: Called Strike
0-1: Ground out 3-1 (Groundball, 13, EV 138 KM/H)
Top of the 3rd over - 1 run, 2 hits, 1 error, 2 left on base; Isabela 7 - Cayey 0
BOTTOM OF THE 3RD
Cayey Cornupetas batting - Pitching for Isabela Quesiteros : LHP Alejandro Cerda
Batting: RHB Marco Celleri 0-0: Swinging Strike
0-1: Ball
1-1: Called Strike
1-2: Strikes out swinging
Batting: LHB Hernán Luna 0-0: Called Strike
0-1: Foul Ball, location: 2F
0-2: Ball
1-2: SINGLE (Groundball, 4MD, EV 160 KM/H)
Batting: LHB Luis Deida 0-0: Ball
1-0: Ball
2-0: Ball
3-0: Base on Balls
Hernán Luna to second
Batting: RHB Bolívar Jiménez 0-0: Ball
Hernán Luna steals 3rd base
1-0: Foul Ball, location: 2F
1-1: Reached on error, E5 (Groundball, 56S, EV 142 KM/H)
Hernán Luna scores
Luis Deida to second
Batting: LHB Julio Montilla 0-0: Called Strike
0-1: Ball
1-1: Ball
2-1: Foul Ball, location: 5FF
2-2: Fly out, F8 (Flyball, 8RXD, EV 147 KM/H)
Batting: RHB Disibodo Garza 0-0: Ball
1-0: Foul Ball, location: 9LDF
1-1: Swinging Strike
1-2: Ball
2-2: Ball
3-2: Fly out, F7 (Line Drive, 78S, EV 158 KM/H)
Bottom of the 3rd over - 1 run, 1 hit, 1 error, 2 left on base; Isabela 7 - Cayey 1
TOP OF THE 4TH
Isabela Quesiteros batting - Pitching for Cayey Cornupetas : RHP Édgar Martínez
Batting: RHB Eugenio García 0-0: Called Strike
0-1: Ball
1-1: Ground out 6-3 (Groundball, P, EV 140 KM/H)
Batting: LHB Viriato López 0-0: Ball
1-0: Called Strike
1-1: Ground out 4-3 (Groundball, 34D, EV 153 KM/H)
Batting: SHB Claudio González 0-0: Fly out, F9 (Flyball, 89S, EV 131 KM/H)
Top of the 4th over - 0 runs, 0 hits, 0 errors, 0 left on base; Isabela 7 - Cayey 1
BOTTOM OF THE 4TH
Cayey Cornupetas batting - Pitching for Isabela Quesiteros : LHP Alejandro Cerda
Batting: LHB Venancio Tiñoco 0-0: Swinging Strike
0-1: Ball
1-1: Called Strike
1-2: Ball
2-2: Ball
3-2: Strikes out swinging
Batting: RHB Santiago Cortez 0-0: Called Strike
0-1: Ball
1-1: Ball
2-1: Ground out 4-3 (Groundball, 4, EV 136 KM/H)
Batting: RHB Odiseo Salse 0-0: SINGLE (Groundball, 6MD, EV 151 KM/H)
Batting: RHB Marco Celleri 0-0: Ball
1-0: Called Strike
1-1: Ball
2-1: SINGLE (Line Drive, 78M, EV 143 KM/H)
Odiseo Salse to second
Batting: LHB Hernán Luna 0-0: Ball
1-0: Ball
2-0: Foul Ball, location: 7LMF
2-1: Ball
3-1: Base on Balls
Odiseo Salse to third
Marco Celleri to second
Batting: LHB Luis Deida 0-0: Called Strike
0-1: Called Strike
0-2: Ball
1-2: Ball
2-2: Ball
3-2: Foul Ball, location: 23F
3-2: Foul Ball, location: 2RF
3-2: Base on Balls
Odiseo Salse scores
Marco Celleri to third
Hernán Luna to second
Batting: RHB Bolívar Jiménez 0-0: Called Strike
0-1: SINGLE (Line Drive, 34D, EV 169 KM/H)
Marco Celleri scores
Hernán Luna to third
Luis Deida to second
Throwing error, E9
Hernán Luna scores
Luis Deida to third
Bolívar Jiménez to second
Batting: LHB Julio Montilla 0-0: Foul Ball, location: 2F
0-1: Ground out 6-3 (Groundball, 6, EV 150 KM/H)
Bottom of the 4th over - 3 runs, 3 hits, 1 error, 2 left on base; Isabela 7 - Cayey 4
TOP OF THE 5TH
Isabela Quesiteros batting - Pitching for Cayey Cornupetas : RHP Édgar Martínez
Batting: RHB Abdón Rodríguez 0-0: Called Strike
0-1: Foul Ball, location: 23F
0-2: Ball
1-2: SINGLE (Groundball, 3S, EV 113 KM/H) (infield hit)
Batting: RHB Aníbal Escalada 0-0: Ball
1-0: Ball
2-0: Ball
3-0: Called Strike
3-1: Base on Balls
Abdón Rodríguez to second
Batting: RHB Fabián Beltrán 0-0: Ball
1-0: Ball
2-0: Ball
3-0: Called Strike
3-1: SINGLE (Groundball, 6MD, EV 164 KM/H)
Abdón Rodríguez to third
Aníbal Escalada to second
Runner from 3rd tries for Home, SAFE, throw by CF to home
Aníbal Escalada to third
Fabián Beltrán to second
Pitching: RHP Alfonso Orozco
Batting: RHB Declan Morton 0-0: Foul Ball, location: 3FF
0-1: Foul Ball, location: 3F
0-2: Ball
1-2: Ball
2-2: Fly out, F7 (Flyball, 78XD, EV 129 KM/H)
Runner from 3rd tags up, SCORES, no throw by LF
Fabián Beltrán to third
Batting: RHB Natanael Soto 0-0: Called Strike
0-1: Ball
1-1: Called Strike
1-2: Foul Ball, location: 2F
1-2: Foul Ball, location: 5FF
1-2: Ball
2-2: Ball
3-2: Base on Balls
Batting: RHB Mariano Saenz 0-0: Ball
Natanael Soto steals 2nd base
1-0: Foul Ball, location: 23F
1-1: TRIPLE (Line Drive, 89XD, EV 170 KM/H)
Fabián Beltrán scores
Natanael Soto scores
Batting: RHB Eugenio García 0-0: Ball
1-0: Called Strike
1-1: Ball
2-1: Foul Ball, location: 2F
2-2: Fly out, F9 (Line Drive, 3D, EV 111 KM/H)
Batting: LHB Viriato López 0-0: Ball
1-0: Fly out, F6 (Line Drive, 6, EV 112 KM/H)
Top of the 5th over - 4 runs, 3 hits, 0 errors, 1 left on base; Isabela 11 - Cayey 4
BOTTOM OF THE 5TH
Cayey Cornupetas batting - Pitching for Isabela Quesiteros : LHP Alejandro Cerda
Batting: RHB Disibodo Garza 0-0: Ball
1-0: TRIPLE (Flyball, 9D, EV 174 KM/H)
Batting: LHB Venancio Tiñoco 0-0: Called Strike
0-1: Ground out 6-3 (Groundball, 6, EV 129 KM/H)
Disibodo Garza scores
Batting: RHB Santiago Cortez 0-0: Called Strike
0-1: Ball
1-1: Reached on error, E6 (Groundball, 6, EV 130 KM/H)
Batting: RHB Odiseo Salse 0-0: Ball
Santiago Cortez is caught stealing 2nd base 2-4
1-0: Ball
2-0: Fly out, F7 (Flyball, 7D, EV 141 KM/H)
Bottom of the 5th over - 1 run, 1 hit, 1 error, 0 left on base; Isabela 11 - Cayey 5
TOP OF THE 6TH
Isabela Quesiteros batting - Pitching for Cayey Cornupetas : RHP Alfonso Orozco
Batting: SHB Claudio González 0-0: Fly out, F9 (Line Drive, 9, EV 137 KM/H)
Batting: RHB Abdón Rodríguez 0-0: Ball
1-0: Foul Ball, location: 2RF
1-1: Swinging Strike
1-2: Foul Ball, location: 7LSFF
1-2: Fly out, F8 (Line Drive, 8LD, EV 144 KM/H)
Batting: RHB Aníbal Escalada 0-0: Called Strike
0-1: Foul Ball, location: 2F
0-2: Ball
1-2: Fly out, F6 (Line Drive, 6, EV 110 KM/H)
Top of the 6th over - 0 runs, 0 hits, 0 errors, 0 left on base; Isabela 11 - Cayey 5
BOTTOM OF THE 6TH
Cayey Cornupetas batting - Pitching for Isabela Quesiteros : LHP Alejandro Cerda
Batting: RHB Marco Celleri 0-0: Fly out, F8 (Flyball, 8RM, EV 124 KM/H)
Batting: LHB Hernán Luna 0-0: Foul Ball, location: 2F
0-1: Foul Ball, location: 2F
0-2: Foul Ball, location: 2F
0-2: Ball
1-2: Fly out, F1 (Line Drive, P, EV 105 KM/H)
Batting: LHB Luis Deida 0-0: Foul Ball, location: 2F
0-1: Ball
1-1: Ground out 5-3 (Groundball, 5, EV 176 KM/H)
Bottom of the 6th over - 0 runs, 0 hits, 0 errors, 0 left on base; Isabela 11 - Cayey 5
TOP OF THE 7TH
Isabela Quesiteros batting - Pitching for Cayey Cornupetas : RHP Alfonso Orozco
Batting: RHB Fabián Beltrán 0-0: Ball
1-0: DOUBLE (Line Drive, 89D, EV 171 KM/H)
Batting: RHB Declan Morton 0-0: Ball
1-0: SINGLE (Groundball, 34D, EV 176 KM/H)
Fabián Beltrán to third
Runner from 3rd tries for Home, SAFE, throw by RF to home
Pinch Hitting: RHB Prudencio Jiménez 0-0: Foul Ball, location: 9LDF
0-1: Ball
1-1: Ball
2-1: Swinging Strike
2-2: Strikes out looking
Batting: RHB Mariano Saenz 0-0: Fly out, F4 (Popup, 4, EV 125 KM/H)
Batting: RHB Eugenio García 0-0: Ball
1-0: Ball
2-0: Ground out 5-3 (Groundball, 56S, EV 129 KM/H)
Top of the 7th over - 1 run, 2 hits, 0 errors, 1 left on base; Isabela 12 - Cayey 5
BOTTOM OF THE 7TH
Cayey Cornupetas batting - Pitching for Isabela Quesiteros : LHP Alejandro Cerda
Now in LF: Juan Fuentes
Batting: RHB Bolívar Jiménez 0-0: Ball
1-0: Called Strike
1-1: Called Strike
1-2: Ground out 3-1 (Groundball, 34S, EV 137 KM/H)
Batting: LHB Julio Montilla 0-0: Called Strike
0-1: Fly out, F7 (Flyball, 7, EV 135 KM/H)
Batting: RHB Disibodo Garza 0-0: Foul Ball, location: 3FF
0-1: Called Strike
0-2: Fly out, F5 (Line Drive, 5L, EV 107 KM/H)
Bottom of the 7th over - 0 runs, 0 hits, 0 errors, 0 left on base; Isabela 12 - Cayey 5
TOP OF THE 8TH
Isabela Quesiteros batting - Pitching for Cayey Cornupetas : RHP Alfonso Orozco
Batting: LHB Viriato López 0-0: Foul Ball, location: 2F
0-1: Ball
1-1: Foul Ball, location: 25F
1-2: Strikes out swinging
Batting: SHB Claudio González 0-0: Called Strike
0-1: Foul Ball, location: 5F
0-2: Ball
1-2: Foul Ball, location: 7LDF
1-2: Ball
2-2: Ground out 6-3 (Groundball, 6, EV 126 KM/H)
Batting: RHB Abdón Rodríguez 0-0: Foul Ball, location: 2F
0-1: Called Strike
0-2: DOUBLE (Line Drive, 89D, EV 168 KM/H)
Batting: RHB Aníbal Escalada 0-0: Fly out, F3 (Popup, 23F, EV 144 KM/H)
Top of the 8th over - 0 runs, 1 hit, 0 errors, 1 left on base; Isabela 12 - Cayey 5
BOTTOM OF THE 8TH
Cayey Cornupetas batting - Pitching for Isabela Quesiteros : LHP Alejandro Cerda
Batting: LHB Venancio Tiñoco 0-0: Ball
1-0: Ground out 4-3 (Groundball, 4M, EV 139 KM/H)
Batting: RHB Santiago Cortez 0-0: Ball
1-0: Ball
2-0: Called Strike
2-1: Foul Ball, location: 2F
2-2: Foul Ball, location: 7LDF
2-2: Ball
3-2: Base on Balls
Batting: RHB Odiseo Salse 0-0: Swinging Strike
Santiago Cortez steals 2nd base (no throw)
0-1: Ground out 6-3 (Groundball, 6, EV 159 KM/H)
Batting: RHB Marco Celleri 0-0: Swinging Strike
0-1: Ground out 4-3 (Groundball, 4, EV 176 KM/H)
Bottom of the 8th over - 0 runs, 0 hits, 0 errors, 1 left on base; Isabela 12 - Cayey 5
TOP OF THE 9TH
Isabela Quesiteros batting - Pitching for Cayey Cornupetas : RHP Alfonso Orozco
Batting: RHB Fabián Beltrán 0-0: Called Strike
0-1: Ground out 5-3 (Groundball, 56, EV 139 KM/H)
Batting: RHB Declan Morton 0-0: Called Strike
0-1: Ground out 2-3 (Groundball, 2R, EV 114 KM/H)
Batting: LHB Juan Fuentes 0-0: Called Strike
0-1: Fly out, F9 (Flyball, 9, EV 149 KM/H)
Top of the 9th over - 0 runs, 0 hits, 0 errors, 0 left on base; Isabela 12 - Cayey 5
BOTTOM OF THE 9TH
Cayey Cornupetas batting - Pitching for Isabela Quesiteros : LHP Alejandro Cerda
Batting: LHB Hernán Luna 0-0: Ball
1-0: Ball
2-0: Called Strike
2-1: Called Strike
2-2: Ball
3-2: Fly out, F4 (Line Drive, 4, EV 111 KM/H)
Batting: LHB Luis Deida 0-0: Called Strike
0-1: Foul Ball, location: 7LDF
0-2: Ball
1-2: Ground out 6-3 (Groundball, 6, EV 150 KM/H)
Batting: RHB Bolívar Jiménez 0-0: Called Strike
0-1: Ball
1-1: Ball
2-1: Swinging Strike
2-2: Foul Ball, location: 7LDF
2-2: Ball
3-2: Base on Balls
Pinch Hitting: SHB Osvaldo Gutiérrez 0-0: Ball
1-0: Called Strike
1-1: Ball
2-1: Fly out, F9 (Flyball, 9S, EV 150 KM/H)
Bottom of the 9th over - 0 runs, 0 hits, 0 errors, 1 left on base; Isabela 12 - Cayey 5
Thursday, March 28th , 2024 - OOTP Baseball 25.2 Build 53